TOP OF THE 1ST |
Savannah Hogs batting - Pitching for Nantucket Orcas : RHP Loeck Adriaanse
|
Pitching: RHP Loeck Adriaanse
|
|
Batting: RHB Jackson Gibson
|
0-0: Ball 1-0: Ball 2-0: Ball 3-0: Base on Balls
|
Batting: LHB Jim Clemente
|
0-0: Foul Ball, location: 2F 0-1: Foul Ball, location: 2F 0-2: Fielders Choice at 2nd, U4 (Groundball, 4)
|
Batting: LHB Ramón Morales
|
0-0: Ball 1-0: Called Strike 1-1: Ball 2-1: TRIPLE (Line Drive, 89M) Jim Clemente scores
|
Batting: RHB Javier Martínez
|
0-0: Ball 1-0: Called Strike 1-1: Called Strike 1-2: Ball 2-2: Ball 3-2: Base on Balls
|
Batting: RHB Remi Eruzione
|
0-0: Called Strike 0-1: Ball 1-1: Ball 2-1: Foul Ball, location: 2F 2-2: Strikes out swinging
|
Batting: LHB Pedro Medine
|
0-0: Ball 1-0: Ground out 4-3 (Groundball, 4)
|
Top of the 1st over - 1 run(s), 1 hit(s), 0 error(s), 2 left on base; Savannah 1 - Nantucket 0 |
BOTTOM OF THE 1ST |
Nantucket Orcas batting - Pitching for Savannah Hogs : RHP Mike Meeks
|
Pitching: RHP Mike Meeks
|
|
Batting: RHB Jorge Hernández
|
0-0: Called Strike 0-1: Swinging Strike 0-2: Strikes out swinging
|
Batting: RHB Ramón Díaz
|
0-0: Swinging Strike 0-1: Ball 1-1: DOUBLE (Flyball, 8LXD)
|
Batting: SHB Cory Campbell
|
0-0: Ball 1-0: Foul Ball, location: 2F 1-1: Ball 2-1: Foul Ball, location: 2F 2-2: Ball 3-2: Foul Ball, location: 2F 3-2: Foul Ball, location: 2F 3-2: Foul Ball, location: 2F 3-2: Base on Balls
|
Batting: RHB Roberto Canó
|
0-0: Ball 1-0: Called Strike 1-1: Foul Ball, location: 2F 1-2: Ball 2-2: Foul Ball, location: 2F 2-2: SINGLE (Flyball, 8LS) Ramón Díaz to third Cory Campbell to second
|
Batting: LHB Noah Gillespie
|
0-0: Called Strike 0-1: Ball 1-1: Ball 2-1: Called Strike 2-2: Foul Ball, location: 2F 2-2: Foul Ball, location: 2F 2-2: Ball 3-2: Base on Balls Ramón Díaz scores Cory Campbell to third Roberto Canó to second
|
Batting: RHB César Osequedo
|
0-0: Fly out, F7 (Line Drive, 7M) Runner from 3rd tags up, SCORES, no throw
|
Batting: LHB Eugene Lee
|
0-0: Called Strike 0-1: Ball Wild Pitch! Roberto Canó to third Noah Gillespie to second 1-1: Ball 2-1: Swinging Strike 2-2: Ball 3-2: Strikes out looking
|
Bottom of the 1st over - 2 run(s), 2 hit(s), 0 error(s), 2 left on base; Savannah 1 - Nantucket 2 |
TOP OF THE 2ND |
Savannah Hogs batting - Pitching for Nantucket Orcas : RHP Loeck Adriaanse
|
Batting: LHB Ivan Costello
|
0-0: SINGLE (Line Drive, 3D)
|
Batting: RHB Anastasio Movonda
|
0-0: Called Strike 0-1: Swinging Strike 0-2: Fielders Choice at 2nd, 6-4 (Groundball, 6)
|
Batting: RHB Ignacio Rangel
|
0-0: Ball 1-0: Fly out, F7 (Line Drive, 7M)
|
Batting: RHB Jackson Gibson
|
0-0: SINGLE (Line Drive, 7S) Anastasio Movonda to second
|
Batting: LHB Jim Clemente
|
0-0: Foul Ball, location: 2F 0-1: Foul Ball, location: 2F 0-2: Ball 1-2: TRIPLE (Line Drive, 89M) Anastasio Movonda scores Jackson Gibson scores
|
Batting: LHB Ramón Morales
|
0-0: Called Strike 0-1: Foul Ball, location: 2F 0-2: Ball 1-2: Ball 2-2: Foul Ball, location: 2F 2-2: Foul Ball, location: 2F 2-2: Ball 3-2: Base on Balls
|
Batting: RHB Javier Martínez
|
0-0: Ball 1-0: Ball 2-0: Foul Ball, location: 2F 2-1: Ball 3-1: Fly out, F7 (Flyball, 7S)
|
Top of the 2nd over - 2 run(s), 3 hit(s), 0 error(s), 2 left on base; Savannah 3 - Nantucket 2 |
BOTTOM OF THE 2ND |
Nantucket Orcas batting - Pitching for Savannah Hogs : RHP Mike Meeks
|
Batting: RHB Domingo Hernández
|
0-0: Fly out, F7 (Flyball, 78S)
|
Batting: RHB Anastasio Zartuche
|
0-0: Ball 1-0: Called Strike 1-1: Swinging Strike 1-2: Fly out, F9 (Flyball, 9S)
|
Batting: RHB Jorge Hernández
|
0-0: Called Strike 0-1: Swinging Strike 0-2: Fly out, F4 (Popup, 4M)
|
Bottom of the 2nd over - 0 run(s), 0 hit(s), 0 error(s), 0 left on base; Savannah 3 - Nantucket 2 |
TOP OF THE 3RD |
Savannah Hogs batting - Pitching for Nantucket Orcas : RHP Loeck Adriaanse
|
Batting: RHB Remi Eruzione
|
0-0: Swinging Strike 0-1: Ball 1-1: Foul Ball, location: 2F 1-2: Strikes out swinging
|
Batting: LHB Pedro Medine
|
0-0: Ball 1-0: Ball 2-0: SINGLE (Line Drive, 34D)
|
Batting: LHB Ivan Costello
|
0-0: Called Strike 0-1: SINGLE (Line Drive, 34) Pedro Medine to second
|
Batting: RHB Anastasio Movonda
|
0-0: Ball 1-0: Swinging Strike 1-1: Ball 2-1: Ball 3-1: Base on Balls Pedro Medine to third Ivan Costello to second
|
Batting: RHB Ignacio Rangel
|
0-0: Called Strike 0-1: Swinging Strike 0-2: Strikes out looking
|
Batting: RHB Jackson Gibson
|
0-0: SINGLE (Flyball, 7LS) Pedro Medine scores Ivan Costello to third Anastasio Movonda to second Runner from 3rd tries for Home, SAFE, no throw or cutoff
|
Batting: LHB Jim Clemente
|
0-0: Called Strike 0-1: Called Strike 0-2: Ball 1-2: Strikes out swinging
|
Top of the 3rd over - 2 run(s), 3 hit(s), 0 error(s), 2 left on base; Savannah 5 - Nantucket 2 |
BOTTOM OF THE 3RD |
Nantucket Orcas batting - Pitching for Savannah Hogs : RHP Mike Meeks
|
Batting: RHB Ramón Díaz
|
0-0: Ball 1-0: Ball 2-0: Fly out, F7 (Flyball, 78M)
|
Batting: SHB Cory Campbell
|
0-0: Swinging Strike 0-1: Ball 1-1: Foul Ball, location: 2F 1-2: Foul Ball, location: 2F 1-2: Ground out 6-3 (Groundball, 6M)
|
Batting: RHB Roberto Canó
|
0-0: Called Strike 0-1: Ball 1-1: Called Strike 1-2: Strikes out swinging
|
Bottom of the 3rd over - 0 run(s), 0 hit(s), 0 error(s), 0 left on base; Savannah 5 - Nantucket 2 |
TOP OF THE 4TH |
Savannah Hogs batting - Pitching for Nantucket Orcas : RHP Loeck Adriaanse
|
Batting: LHB Ramón Morales
|
0-0: Called Strike 0-1: Ball 1-1: SINGLE (Groundball, 6MD)
|
Pitching: RHP Sean Flynn
|
|
Batting: RHB Javier Martínez
|
0-0: Ball 1-0: Fly out, F8 (Flyball, 8RM)
|
Batting: RHB Remi Eruzione
|
0-0: Called Strike 0-1: Ball 1-1: Foul Ball, location: 2F 1-2: Foul Ball, location: 2F 1-2: Strikes out looking
|
Batting: LHB Pedro Medine
|
0-0: Called Strike Ramón Morales steals 2nd base 0-1: Swinging Strike 0-2: Strikes out swinging
|
Top of the 4th over - 0 run(s), 1 hit(s), 0 error(s), 1 left on base; Savannah 5 - Nantucket 2 |
BOTTOM OF THE 4TH |
Nantucket Orcas batting - Pitching for Savannah Hogs : RHP Mike Meeks
|
Batting: LHB Noah Gillespie
|
0-0: Foul Ball, location: 2F 0-1: Fly out, F8 (Flyball, 8RM)
|
Batting: RHB César Osequedo
|
0-0: Ball 1-0: Called Strike 1-1: Ground out 6-3 (Groundball, 6M)
|
Batting: LHB Eugene Lee
|
0-0: Ball 1-0: Called Strike 1-1: Called Strike 1-2: Foul Ball, location: 2F 1-2: Strikes out swinging
|
Bottom of the 4th over - 0 run(s), 0 hit(s), 0 error(s), 0 left on base; Savannah 5 - Nantucket 2 |
TOP OF THE 5TH |
Savannah Hogs batting - Pitching for Nantucket Orcas : RHP Sean Flynn
|
Batting: LHB Ivan Costello
|
0-0: Ball 1-0: Called Strike 1-1: Foul Ball, location: 2F 1-2: Ball 2-2: Foul Ball, location: 2F 2-2: Ball 3-2: Strikes out looking
|
Batting: RHB Anastasio Movonda
|
0-0: Fly out, F3 (Popup, 34S)
|
Batting: RHB Ignacio Rangel
|
0-0: Called Strike 0-1: Ball 1-1: SINGLE (Line Drive, 56)
|
Batting: RHB Jackson Gibson
|
0-0: Ball 1-0: Ground out 5-3 (Groundball, 5L)
|
Top of the 5th over - 0 run(s), 1 hit(s), 0 error(s), 1 left on base; Savannah 5 - Nantucket 2 |
BOTTOM OF THE 5TH |
Nantucket Orcas batting - Pitching for Savannah Hogs : RHP Mike Meeks
|
Batting: RHB Domingo Hernández
|
0-0: Foul Ball, location: 2F 0-1: Ground out 6-3 (Groundball, 6)
|
Batting: RHB Anastasio Zartuche
|
0-0: Called Strike 0-1: Ball 1-1: Swinging Strike 1-2: Strikes out swinging
|
Batting: RHB Jorge Hernández
|
0-0: Swinging Strike 0-1: Ball 1-1: Ball 2-1: SOLO HOME RUN (Flyball, 7LD), Distance : 348 ft
|
Batting: RHB Ramón Díaz
|
0-0: Ball 1-0: Ball 2-0: Foul Ball, location: 2F 2-1: Foul Ball, location: 2F 2-2: Ball 3-2: Base on Balls
|
Batting: SHB Cory Campbell
|
0-0: Called Strike 0-1: Ball 1-1: SINGLE (Line Drive, 4D) Ramón Díaz to second Runner from 2nd tries for 3rd, SAFE, throw made to third
|
Pitching: RHP Shannon Wallace
|
|
Batting: RHB Roberto Canó
|
0-0: Ball 1-0: Ball 2-0: Foul Ball, location: 2F 2-1: Ball 3-1: SINGLE (Groundball, 34D) Ramón Díaz scores Cory Campbell to second Runner from 2nd tries for 3rd, SAFE, throw made to third
|
Batting: LHB Noah Gillespie
|
0-0: Ball 1-0: Ball 2-0: Foul Ball, location: 2F 2-1: Ball 3-1: Swinging Strike 3-2: Base on Balls Roberto Canó to second
|
Batting: RHB César Osequedo
|
0-0: Foul Ball, location: 2F 0-1: Ball 1-1: Called Strike 1-2: Ball 2-2: Ball 3-2: Base on Balls Cory Campbell scores Roberto Canó to third Noah Gillespie to second
|
Batting: LHB Eugene Lee
|
0-0: Called Strike 0-1: Foul Ball, location: 2F 0-2: Foul Ball, location: 2F 0-2: Fly out, F5 (Popup, 5SF)
|
Bottom of the 5th over - 3 run(s), 3 hit(s), 0 error(s), 3 left on base; Savannah 5 - Nantucket 5 |
TOP OF THE 6TH |
Savannah Hogs batting - Pitching for Nantucket Orcas : RHP Sean Flynn
|
Batting: LHB Jim Clemente
|
0-0: Called Strike 0-1: Swinging Strike 0-2: Hit by Pitch
|
Batting: LHB Ramón Morales
|
0-0: Ball 1-0: Called Strike Jim Clemente steals 2nd base 1-1: Intentional Walk
|
Batting: RHB Javier Martínez
|
0-0: SINGLE (Flyball, 89M) Jim Clemente to third Ramón Morales to second
|
Batting: RHB Remi Eruzione
|
0-0: Ball 1-0: Called Strike 1-1: Ball 2-1: Grounds into double play, 5-2-3 (Groundball, 56S) Ramón Morales to third Javier Martínez to second
|
Pitching: RHP Bo Wagner
|
|
Batting: LHB Pedro Medine
|
0-0: Ball 1-0: Swinging Strike 1-1: Swinging Strike 1-2: Strikes out swinging
|
Top of the 6th over - 0 run(s), 1 hit(s), 0 error(s), 2 left on base; Savannah 5 - Nantucket 5 |
BOTTOM OF THE 6TH |
Nantucket Orcas batting - Pitching for Savannah Hogs : RHP Shannon Wallace
|
Batting: RHB Domingo Hernández
|
0-0: Ball 1-0: Called Strike 1-1: Ball 2-1: Ball 3-1: Foul Ball, location: 2F 3-2: Strikes out swinging
|
Batting: RHB Anastasio Zartuche
|
0-0: SINGLE (Line Drive, 6MD)
|
Batting: RHB Jorge Hernández
|
0-0: Called Strike Anastasio Zartuche steals 2nd base 0-1: Ball 1-1: Ball 2-1: Swinging Strike 2-2: Ground out 5-3 (Groundball, 5S) Anastasio Zartuche to third
|
Batting: RHB Ramón Díaz
|
0-0: Ball 1-0: Ball 2-0: Ball 3-0: Called Strike 3-1: Base on Balls
|
Batting: SHB Cory Campbell
|
0-0: Ball 1-0: Ball 2-0: Ball 3-0: Called Strike 3-1: Called Strike 3-2: Foul Ball, location: 2F 3-2: Base on Balls Ramón Díaz to second
|
Batting: RHB Roberto Canó
|
0-0: Called Strike 0-1: Ball 1-1: Swinging Strike 1-2: Ground out 5-3 (Groundball, 6S)
|
Bottom of the 6th over - 0 run(s), 1 hit(s), 0 error(s), 3 left on base; Savannah 5 - Nantucket 5 |
TOP OF THE 7TH |
Savannah Hogs batting - Pitching for Nantucket Orcas : RHP Bo Wagner
|
Batting: LHB Ivan Costello
|
0-0: Foul Ball, location: 2F 0-1: Ground out 4-3 (Groundball, 13)
|
Pinch Hitting: LHB Juan Delgado
|
0-0: Foul Ball, location: 2F 0-1: Called Strike 0-2: Foul Ball, location: 2F 0-2: Strikes out swinging
|
Pinch Hitting: RHB Javier Músquez
|
0-0: Ball 1-0: Ball 2-0: Ball 3-0: Base on Balls
|
Batting: RHB Jackson Gibson
|
0-0: Ball 1-0: Swinging Strike 1-1: Ball 2-1: Ball 3-1: SINGLE (Groundball, 4MD) Javier Músquez to second
|
Pinch Hitting: LHB Manny Hernández
|
0-0: Foul Ball, location: 2F 0-1: Ball 1-1: Ball 2-1: Swinging Strike 2-2: Foul Ball, location: 2F 2-2: Ball 3-2: Base on Balls Javier Músquez to third Jackson Gibson to second
|
Batting: LHB Ramón Morales
|
0-0: Called Strike 0-1: Foul Ball, location: 2F 0-2: Strikes out swinging
|
Top of the 7th over - 0 run(s), 1 hit(s), 0 error(s), 3 left on base; Savannah 5 - Nantucket 5 |
BOTTOM OF THE 7TH |
Nantucket Orcas batting - Pitching for Savannah Hogs : RHP Shannon Wallace
|
Now at 2B: Miguel Toro
|
|
Now at 3B: Ernesto Gómez
|
|
Now in RF: Javier Músquez
|
|
Batting: LHB Noah Gillespie
|
0-0: Called Strike 0-1: Foul Ball, location: 2F 0-2: Ball 1-2: Ball 2-2: Foul Ball, location: 2F 2-2: Fly out, F8 (Flyball, 8RS)
|
Batting: RHB César Osequedo
|
0-0: Ball 1-0: Foul Ball, location: 2F 1-1: Foul Ball, location: 2F 1-2: Strikes out swinging
|
Batting: LHB Eugene Lee
|
0-0: Ball 1-0: Ground out 4-3 (Groundball, 4)
|
Bottom of the 7th over - 0 run(s), 0 hit(s), 0 error(s), 0 left on base; Savannah 5 - Nantucket 5 |
TOP OF THE 8TH |
Savannah Hogs batting - Pitching for Nantucket Orcas : RHP Bo Wagner
|
Batting: RHB Javier Martínez
|
0-0: Swinging Strike 0-1: Ball 1-1: Called Strike 1-2: Strikes out swinging
|
Pinch Hitting: RHB Júlio Peña
|
0-0: Ball 1-0: SINGLE (Line Drive, 89M)
|
Pinch Runner at 1st Júlio Macías:
|
|
Batting: LHB Pedro Medine
|
0-0: Ball 1-0: Swinging Strike 1-1: Ball 2-1: Ball 3-1: Base on Balls Júlio Macías to second
|
Batting: LHB Ivan Costello
|
0-0: Foul Ball, location: 2F 0-1: DOUBLE (Flyball, 78D) Júlio Macías scores Pedro Medine to third
|
Batting: RHB Ernesto Gómez
|
0-0: Called Strike 0-1: Foul Ball, location: 2F 0-2: Ball 1-2: Ball 2-2: Strikes out looking
|
Batting: RHB Javier Músquez
|
0-0: Called Strike 0-1: Foul Ball, location: 2F 0-2: Strikes out swinging
|
Top of the 8th over - 1 run(s), 2 hit(s), 0 error(s), 2 left on base; Savannah 6 - Nantucket 5 |
TOP OF THE 9TH |
Savannah Hogs batting - Pitching for Nantucket Orcas : RHP Bo Wagner
|
Now at 1B: Eric Pimentel
|
|
Batting: RHB Jackson Gibson
|
0-0: Foul Ball, location: 2F 0-1: Ball 1-1: Fly out, F9 (Flyball, 89S)
|
Batting: RHB Miguel Toro
|
0-0: Foul Ball, location: 2F 0-1: Ball 1-1: Swinging Strike 1-2: Strikes out swinging
|
Batting: LHB Ramón Morales
|
0-0: Ball 1-0: Called Strike 1-1: Ball 2-1: Foul Ball, location: 2F 2-2: Strikes out swinging
|
Top of the 9th over - 0 run(s), 0 hit(s), 0 error(s), 0 left on base; Savannah 6 - Nantucket 5 |
BOTTOM OF THE 9TH |
Nantucket Orcas batting - Pitching for Savannah Hogs : RHP Ramón Martínez
|
Pitching: RHP Álex Solano
|
|
Batting: RHB Ramón Díaz
|
0-0: Called Strike 0-1: SINGLE (Line Drive, 4MD)
|
Pinch Runner at 1st Wilson Metherall:
|
|
Batting: SHB Cory Campbell
|
0-0: Ball 1-0: Called Strike 1-1: Foul Ball, location: 2F 1-2: Ball 2-2: Ball 3-2: Foul Ball, location: 2F 3-2: Fly out, F6 (Popup, 6D)
|
Batting: RHB Roberto Canó
|
0-0: Called Strike 0-1: Foul Ball, location: 2F 0-2: Strikes out swinging
|
Batting: LHB Noah Gillespie
|
0-0: Fly out, F9 (Flyball, 9M)
|
Bottom of the 9th over - 0 run(s), 1 hit(s), 0 error(s), 1 left on base; Savannah 6 - Nantucket 5 |
|